 Dungeon Crawl Stone Soup version 0.28-a0-723-g095bd1b44f (webtiles) character file.

Game seed: 9505333986851775805

136 lawman0 the Charlatan (level 5, -2/40 HPs)
             Began as a Gnoll Artificer on Oct 25, 2021.
             Killed by divine providence
             ... invoked by an orc priest
              (14 damage)
             ... on level 3 of the Dungeon.
             The game lasted 00:04:57 (3641 turns).

lawman0 the Charlatan (Gnoll Artificer)             Turns: 3641, Time: 00:04:59

Health: -2/40      AC: 10    Str: 11    XL:     5   Next: 19%
Magic:  7/7        EV: 11    Int: 12    God:
Gold:   102        SH:  0    Dex: 12    Spells: 2/6 levels left

rFire   + . .      SeeInvis .   b - +3 mace
rCold   + . .      Faith    .   (no shield)
rNeg    . . .      Spirit   .   h - +0 ring mail
rPois   +          Reflect  .   m - +2 helmet
rElec   +          Harm     .   (no cloak)
rCorr   +          Rampage  .   g - +0 pair of gloves
Will    .....                   (no boots)
Stlth   +.........              (no amulet)
HPRegen 0.13/turn               (no ring)
MPRegen 0.10/turn               (no ring)

@: resistant, attractive
A: fangs 1, strong nose, distributed training
a: no special abilities


You were on level 3 of the Dungeon.
You visited 1 branch of the dungeon, and saw 3 of its levels.

You collected 102 gold pieces.

Inventory:

Hand Weapons
 a - a +0 hunting sling
 b - a +3 mace (weapon)
Missiles
 l - a boomerang (quivered)
 p - 45 stones
Armour
 g - a +0 pair of gloves (worn)
 h - a +0 ring mail (worn)
 m - a +2 helmet (worn)
Wands
 c - a wand of flame (13)
Scrolls
 d - a scroll of magic mapping {unknown}
 k - a scroll of amnesia {unknown}
 n - a scroll of enchant weapon
 o - a scroll of torment
 q - a scroll of noise {unknown}
Potions
 f - a potion of flight
 i - a potion of mutation {unknown}
Miscellaneous
 e - a piece from Xom's chessboard (13/15)


   Skills:
 + Level 2.9 Fighting
 + Level 1.4 Short Blades
 + Level 1.4 Long Blades
 + Level 1.4 Axes
 + Level 1.4 Maces & Flails
 + Level 1.4 Polearms
 + Level 1.4 Staves
 + Level 1.4 Slings
 + Level 1.4 Bows
 + Level 1.4 Crossbows
 + Level 1.4 Throwing
 + Level 4.7 Armour
 + Level 2.9 Dodging
 + Level 2.7 Stealth
 + Level 1.4 Shields
 + Level 1.4 Unarmed Combat
 + Level 1.4 Spellcasting
 + Level 1.1 Conjurations
 + Level 1.1 Hexes
 + Level 1.1 Summonings
 + Level 1.1 Necromancy
 + Level 1.1 Translocations
 + Level 1.1 Transmutations
 + Level 1.1 Fire Magic
 + Level 1.1 Ice Magic
 + Level 1.1 Air Magic
 + Level 1.1 Earth Magic
 + Level 1.1 Poison Magic
 + Level 1.5 Invocations
 + Level 6.6 Evocations


You had 2 spell levels left.
You knew the following spells:

 Your Spells              Type           Power      Damage    Failure   Level
a - Apportation           Tloc           6%         N/A       38%         1
b - Swiftness             Air            3%         N/A       77%         3

Your spell library contained the following spells:

 Spells                   Type           Power      Damage    Failure   Level
 Animate Skeleton         Necr           6%         N/A       38%         1
 Shock                    Conj/Air       12%        1d3       38%         1
 Summon Small Mammal      Summ           12%        N/A       38%         1
 Ensorcelled Hibernation  Hex/Ice        6%         N/A       52%         2
 Spider Form              Tmut/Pois      1%         N/A       77%         3
 Airstrike                Air            1%         N/A       99%         4


Dungeon Overview and Level Annotations

Branches:
Dungeon (3/15)

Altars:
Vehumet

Annotations:
D:3 Natasha


Innate Abilities, Weirdness & Mutations

You have very sharp teeth.
Your uncanny sense of smell can sniff out nearby items.
Your experience applies equally to all skills.


Message History

Something tries to affect you, but you resist.
The orc closely misses you.
You sock the orc!
You kill the orc!
Something hits you but does no damage.
The crimson imp blinks!
Something hits you but does no damage.
You hit something. The orc hits you but does no damage. Something hits you.
Unknown command.
You hit something. The orc hits you but does no damage.
Something hits you but does no damage. The orc hits you but does no damage.
Unknown command.
You miss something. Something hits you but does no damage.
The orc closely misses you.
Unknown command.
You miss something. Something hits you but does no damage.
The orc hits you but does no damage. Something hits you.
You miss something. The orc hits you but does no damage.
Something hits you but does no damage. The orc completely misses you.
It was a potion of resistance.
You feel protected. Something hits you but does no damage.
The orc closely misses you.
You miss something. Something hits you but does no damage.
The orc priest miscasts a cantrip.
The orc hits you but does no damage. Something hits you but does no damage.
You miss something. The orc barely misses you.
You hear some strange, mumbled words.
A magic dart appears from out of thin air!
The magic dart hits you!
Natasha mumbles some strange words.
Unknown command.
You barely miss something. The orc barely misses you.
Something hits you but does no damage. The orc hits you with a +0 club.
* * * LOW HITPOINT WARNING * * *
Unknown command.
It was a potion of attraction.
You feel attractive to monsters. Something hits you but does no damage.
The orc priest invokes the aid of Beogh against you.
Beogh smites you!
You die...

#........# #...##...
+......ยง.# #...##...
#....)...# ########...##...
#.......o####.....##...##...
#.......o##.#.....##...##...
+........##.'.....##...##...
#......5.##)#......'...++...
#.......o##{#......#...##...
#......o5ho@###'##.#...##...
#......5o#### #.##.#...##...
########## #....#....#...
#########..#.. #..#.# #..#.#
#..#.# #....# .....#


You could see an orc priest (slow), Natasha, a crimson imp (summoned), a white
imp (summoned) and 3 orcs.

Vanquished Creatures
  Robin (D:3)
  2 gnolls
  2 adders (D:2)
  An adder skeleton (D:2)
  A worm (D:2)
  6 orcs (D:3)
  3 bats (D:2)
  2 endoplasms
  3 giant cockroaches
  5 goblins
  4 hobgoblins
  2 kobolds (D:2)
  5 ball pythons
  4 frilled lizards
  7 rats
48 creatures vanquished.

Vanquished Creatures (collateral kills)
  2 gnolls (D:3)
  A bat skeleton (D:2)
  2 goblins
  2 hobgoblins
7 creatures vanquished.

Vanquished Creatures (others)
  3 gnolls
  5 goblins (D:3)
  2 hobgoblins
  2 quokkas (D:2)
12 creatures vanquished.

Grand Total: 67 creatures vanquished

Notes
Turn   | Place    | Note
-------+----------+-------------------------------------------
     0 | D:1      | lawman0 the Gnoll Artificer began the quest for the Orb.
     0 | D:1      | Reached XP level 1. HP: 17/17 MP: 1/1
   722 | D:1      | Reached XP level 2. HP: 18/23 MP: 2/2
  1139 | D:1      | Found a faded altar of an unknown god.
  1681 | D:2      | Reached XP level 3. HP: 28/28 MP: 3/3
  1691 | D:2      | Reached skill level 1 in Invocations
  1873 | D:2      | Reached skill level 1 in Short Blades
  1873 | D:2      | Reached skill level 1 in Long Blades
  1873 | D:2      | Reached skill level 1 in Axes
  1873 | D:2      | Reached skill level 1 in Maces & Flails
  1873 | D:2      | Reached skill level 1 in Polearms
  1873 | D:2      | Reached skill level 1 in Staves
  1873 | D:2      | Reached skill level 1 in Slings
  1873 | D:2      | Reached skill level 1 in Bows
  1873 | D:2      | Reached skill level 1 in Crossbows
  1873 | D:2      | Reached skill level 1 in Throwing
  1873 | D:2      | Reached skill level 1 in Shields
  1873 | D:2      | Reached skill level 1 in Unarmed Combat
  1873 | D:2      | Reached skill level 1 in Spellcasting
  2313 | D:2      | Reached XP level 4. HP: 34/34 MP: 5/5
  2639 | D:2      | Learned a level 1 spell: Apportation
  2643 | D:2      | Learned a level 3 spell: Swiftness
  3153 | D:3      | Noticed Robin
  3208 | D:3      | Killed Robin
  3209 | D:3      | Reached skill level 1 in Conjurations
  3209 | D:3      | Reached skill level 1 in Hexes
  3209 | D:3      | Reached skill level 1 in Summonings
  3209 | D:3      | Reached skill level 1 in Necromancy
  3209 | D:3      | Reached skill level 1 in Translocations
  3209 | D:3      | Reached skill level 1 in Transmutations
  3209 | D:3      | Reached skill level 1 in Fire Magic
  3209 | D:3      | Reached skill level 1 in Ice Magic
  3209 | D:3      | Reached skill level 1 in Air Magic
  3209 | D:3      | Reached skill level 1 in Earth Magic
  3209 | D:3      | Reached skill level 1 in Poison Magic
  3321 | D:3      | Found a radiant altar of Vehumet.
  3374 | D:3      | Reached XP level 5. HP: 25/40 MP: 6/6
  3614 | D:3      | Noticed Natasha
  3641 | D:3      | Killed from afar by an orc priest

Illustrated notes

Levels and vault maps discovered:
D:1:      psy_arrival_fountain, layout_basic, chequers_ecumenical_altar_simple
D:2:      layout_rooms, serial_undead, serial_undead_f, serial_undead_d,
          serial_undead_c, serial_undead_c,
          hangedman_abyss_or_decor_lesser_grid, patterned_corridor
D:3:      layout_basic, overflow_temple_1_default, uniq_robin, uniq_ijyb,
          uniq_natasha

Skill      XL: |  1  2  3  4 |
---------------+-------------+-----
Invocations    | 1 |  1.5
Short Blades   | 1 |  1.4
Long Blades    | 1 |  1.4
Axes           | 1 |  1.4
Maces & Flails | 1 |  1.4
Polearms       | 1 |  1.4
Staves         | 1 |  1.4
Slings         | 1 |  1.4
Bows           | 1 |  1.4
Crossbows      | 1 |  1.4
Throwing       | 1 |  1.4
Shields        | 1 |  1.4
Unarmed Combat | 1 |  1.4
Spellcasting   | 1 |  1.4
Conjurations   | 1 |  1.1
Hexes          | 1 |  1.1
Summonings     | 1 |  1.1
Necromancy     | 1 |  1.1
Translocations | 1 |  1.1
Transmutations | 1 |  1.1
Fire Magic     | 1 |  1.1
Ice Magic      | 1 |  1.1
Air Magic      | 1 |  1.1
Earth Magic    | 1 |  1.1
Poison Magic   | 1 |  1.1
Fighting       | |  2.9
Armour         | |  4.7
Dodging        | |  2.9
Stealth        | |  2.7
Evocations     | |  6.6

Action                   |  1- 3 |  4- 6 || total
-------------------------+-------+-------++-------
Melee: Club              |   101 |       ||   101
       Bite              |     9 |     4 ||    13
       Flail             |    33 |    24 ||    57
       Mace              |       |    47 ||    47
Throw: Boomerang         |       |     6 ||     6
Evoke: Wand              |    10 |     7 ||    17
       Piece from Xom's  |       |     4 ||     4
  Use: Scroll            |     2 |       ||     2
       Potion            |       |     5 ||     5
 Stab: Sleeping          |     1 |       ||     1
Armor: Leather armour    |     8 |       ||     8
       Ring mail         |    71 |    54 ||   125
Dodge: Dodged            |   132 |    59 ||   191

Table legend: (Time is in decaauts)
 A = Elapsed time spent in this place.
 B = Non-inter-level travel time spent in this place.
 C = Inter-level travel time spent in this place.
 D = Time resting spent in this place.
 E = Time spent auto-exploring this place.
 F = Levels seen in this place.
 G = Mean time per level.
                   A        B        C        D        E       F      G
               +--------+--------+--------+--------+--------+-----+--------+
         Total |   3705 |   3580 |    125 |    822 |   1964 |   3 | 1235.0 |
       Dungeon |   3705 |   3580 |    125 |    822 |   1964 |   3 | 1235.0 |
               +--------+--------+--------+--------+--------+-----+--------+

Top non-repeatable levels by time:
     D:1: 1598 daAuts
     D:2: 1347 daAuts
     D:3: 759 daAuts
